 Dungeon Crawl Stone Soup version 0.26.1-2-gb8aa6d0cf2 (webtiles) character file.

Game seed: 18150671489941737442

123282 CryoSword the Stormcaller (level 16, -1/101 HPs)
             Began as a Tengu Air Elementalist on Feb 15, 2021.
             Was a High Priest of Vehumet.
             Slain by a salamander
             ... wielding a +0 halberd
              (8 damage)
             ... on level 2 of the Snake Pit.
             The game lasted 02:13:23 (50426 turns).

CryoSword the Stormcaller (Tengu Air Elementalist) Turns: 50426, Time: 02:13:23

Health: -1/101     AC: 20    Str: 10    XL:     16   Next: 90%
Magic:  28/31      EV:  9    Int: 27    God:    Vehumet [*****.]
Gold:   222        SH: 10    Dex: 15    Spells: 6/35 levels left

rFire    + + .     SeeInvis .   a - staff of air
rCold    x . .     Faith    .   R - +0 buckler
rNeg     . . .     Spirit   .   r - +2 fire dragon scales
rPois    +         Reflect  +   I - +2 hat
rElec    +         Harm     .   L - +2 cloak {Stlth+}
rCorr    .         Rampage  .   V - +2 pair of gloves {archery}
Will     +....                  (boots unavailable)
Stlth    ++........             W - amulet of reflection
HPRegen  0.26/turn              M - ring of poison resistance
MPRegen  0.22/turn              t - +6 ring of intelligence

@: flying quickly and evasively, slowed, constricted, very slow
A: beak, talons 3, able to fly
a: Stop Flying, Renounce Religion


You were on level 2 of the Snake Pit.
You worshipped Vehumet.
Vehumet was extremely pleased with you.
You visited 5 branches of the dungeon, and saw 26 of its levels.
You also visited: Gauntlet and Ice Cave.

You collected 3805 gold pieces.
You spent 3583 gold pieces at shops.

Inventory:

Hand Weapons
 b - the +5 dagger of Annihilation {pain, Will- Int+4 SInv}
   (You found it on level 7 of the Dungeon)

   In the hands of one skilled in necromantic magic, it inflicts extra damage on
   living creatures.
   It affects your intelligence (+4).
   It affects your willpower, your defense against some magical effects.
   It lets you see invisible.
Missiles
 e - 34 boomerangs (quivered)
 B - 2 throwing nets
Armour
 r - +2 fire dragon scales (worn)
   (You found it on level 11 of the Dungeon)
 y - a +2 robe of willpower
   (You took it off Erica on level 1 of the Lair of Beasts)
 I - a +2 hat (worn)
   (You found it on level 6 of the Lair of Beasts)
 L - a +2 cloak of stealth (worn)
   (You bought it in a shop on level 2 of the Orcish Mines)
 R - a +0 buckler (worn)
   (You took it off a deep elf knight on level 14 of the Dungeon)
 V - a +2 pair of gloves of archery (worn)
   (You found it in an ice cave)
Magical Staves
 a - an uncursed staff of air (weapon)
   (You acquired it on level 10 of the Dungeon)
Jewellery
 q - an uncursed ring of fire
   (You found it on level 4 of the Dungeon)
 t - a +6 ring of intelligence (right hand)
   (You found it on level 10 of the Dungeon)
 C - an uncursed amulet of faith {unknown}
   (You found it on level 1 of the Snake Pit)
 M - a ring of poison resistance (left hand)
   (You took it off a merfolk siren on level 4 of the Lair of Beasts)
 S - an uncursed ring of ice
   (You took it off a necromancer in an ice cave)
 W - an amulet of reflection (around neck)
   (You found it on level 6 of the Lair of Beasts)
Wands
 A - a wand of digging (4)
   (You found it on level 7 of the Dungeon)
 D - a wand of iceblast (55)
   (You found it on level 9 of the Dungeon)
 J - a wand of disintegration (29)
   (You found it on level 3 of the Lair of Beasts)
 O - a wand of enslavement (5)
   (You found it on level 4 of the Lair of Beasts)
 P - a wand of acid (12)
   (You found it on level 5 of the Lair of Beasts)
 T - a wand of paralysis (3)
   (You took it off a wight on level 15 of the Dungeon)
Scrolls
 c - 13 scrolls of remove curse {@r2}
 d - 5 scrolls of blinking
 g - 18 scrolls of teleportation {@r4}
 i - 11 scrolls of identify {@r1}
 k - 3 scrolls of fear
 m - 6 scrolls of amnesia
 p - 3 scrolls of immolation {!r}
 s - 2 scrolls of holy word
 x - 2 scrolls of magic mapping
 G - a scroll of silence
 H - 3 scrolls of fog
 N - 3 scrolls of summoning
Potions
 f - 7 potions of haste {@q3}
 h - 7 potions of heal wounds {@q2}
 j - a potion of brilliance
 l - 3 potions of resistance
 n - 15 potions of curing {@q1}
 u - a potion of attraction {!q}
 v - 2 potions of mutation {!q}
 w - a potion of might
 z - 4 potions of magic
 E - 6 potions of cancellation
 F - 5 potions of lignification {!q}
 K - a potion of invisibility


   Skills:
 + Level 12.2 Fighting
 * Level 10.0 Staves
 + Level 5.0 Armour
 - Level 6.0 Dodging
 + Level 6.3 Stealth
 - Level 4.0 Shields
 + Level 10.4 Spellcasting
 + Level 15.5 Conjurations
 - Level 4.0 Summonings
 * Level 20.0 Air Magic
 - Level 5.0 Evocations


You had 6 spell levels left.
You knew the following spells:

 Your Spells              Type           Power        Failure   Level
a - Shock                 Conj/Air       100%         0%          1
b - Swiftness             Air            100%         0%          2
c - Static Discharge      Conj/Air       100%         1%          3
d - Airstrike             Air            55%          1%          4
e - Lightning Bolt        Conj/Air       52%          1%          5
f - Conjure Ball Lightni  Conj/Air       52%          1%          6
g - Summon Lightning Spi  Summ/Air       87%          2%          4
h - Mephitic Cloud        Conj/Pois/Air  87%          1%          3
j - Apportation           Tloc           28%          34%         1

Your spell library contained the following spells:

 Spells                   Type           Power        Failure   Level
 Spellforged Servitor     Conj/Summ      30%          75%         7
 Foxfire                  Conj/Fire      100%         1%          1
 Magic Dart               Conj           100%         1%          1
 Conjure Flame            Conj/Fire      54%          1%          3
 Summon Small Mammal      Summ           100%         7%          1
 Call Imp                 Summ           35%          10%         2
 Fireball                 Conj/Fire      27%          11%         5
 Irradiate                Conj/Tmut      27%          11%         5
 Silence                  Hex/Air        40%          16%         5
 Call Canine Familiar     Summ           35%          21%         3
 Ignite Poison            Fire/Tmut/Pois 14%          26%         3
 Inner Flame              Hex/Fire       14%          26%         3
 Bolt of Magma            Conj/Fire/Erth 21%          28%         5
 Animate Skeleton         Necr           28%          34%         1
 Beastly Appendage        Tmut           28%          34%         1
 Corona                   Hex            15%          34%         1
 Pain                     Necr           56%          34%         1
 Summon Guardian Golem    Hex/Summ       24%          41%         3
 Blink                    Tloc           N/A          45%         2
 Ensorcelled Hibernation  Hex/Ice        28%          45%         2
 Slow                     Hex            14%          45%         2
 Wereblood                Tmut           14%          45%         2
 Starburst                Conj/Fire      27%          45%         6
 Portal Projectile        Hex/Tloc       28%          71%         3
 Spider Form              Tmut/Pois      7%           71%         3
 Vampiric Draining        Necr           7%           71%         3
 Summon Ice Beast         Ice/Summ       24%          83%         4
 Animate Dead             Necr           7%           98%         4
 Cause Fear               Hex            7%           98%         4
 Ice Form                 Ice/Tmut       14%          98%         4
 Leda's Liquefaction      Hex/Erth       7%           98%         4
 Agony                    Necr           14%          100%        5
 Blade Hands              Tmut           7%           100%        5
 Borgnjor's Vile Clutch   Necr/Erth      7%           100%        5
 Hydra Form               Tmut           7%           100%        6
 Shadow Creatures         Summ           N/A          100%        6
 Statue Form              Tmut/Erth      9%           100%        6
 Tornado                  Air            55%          90%         9
 Dragon Form              Tmut           7%           100%        7
 Ignition                 Fire           7%           100%        8
 Shatter                  Erth           7%           100%        9


Dungeon Overview and Level Annotations

Branches:
Dungeon (15/15)            Temple (1/1) D:4            Lair (6/6) D:9
 Shoals (0/4) Lair:4        Snake (2/4) Lair:4        Slime (0/5) Lair:6
    Orc (2/2) D:12            Elf (0/3) Orc:2        Vaults (0/5) D:14
 Depths (0/5) D:15          IceCv (visited)         Gauntlet (visited)

Altars:
Ashenzari
Dithmenos
Fedhas
Gozag
Hepliaklqana
Kikubaaqudgha
Qazlal
Vehumet
Wu Jian
The Shining One
Beogh

Shops:
D:10 (:(*!   D:13 ?   D:14 :   D:15 !   Orc:2 }:**!   Snake:1 *


Innate Abilities, Weirdness & Mutations

You have a beak for a mouth.
You have claws for feet.
You can fly continuously.


Message History

The naga is struck by an arc of lightning!!
The lightning grounds out.
The naga warrior is struck by an arc of lightning!
The naga is struck by an arc of lightning!
You kill the naga!
Vehumet accepts your kill.
You feel your power returning. You resist.
You are struck by an arc of lightning.
The naga warrior is struck by an arc of lightning!
The naga warrior is struck by an arc of lightning.
The lightning grounds out.
The naga warrior is struck by an arc of lightning!
The naga warrior is struck by an arc of lightning.
The naga mage is struck by an arc of lightning.
You resist.
You are struck by an arc of lightning.
The lightning grounds out.
The naga mage is struck by an arc of lightning!!
The lightning grounds out.
The naga is struck by an arc of lightning!!
You resist.
You are struck by an arc of lightning.
The naga is struck by an arc of lightning!
You kill the naga!
Vehumet accepts your kill.
The lightning grounds out.
The naga mage is struck by an arc of lightning!
The lightning grounds out.
The black mamba is struck by an arc of lightning!!
The naga mage is struck by an arc of lightning!
The guardian serpent is struck by an arc of lightning.
The lightning grounds out.
The black mamba bites you.
You are poisoned.
The black mamba poisons you! The naga mage spits poison at you.
The splash of poison hits you but does no damage.
You resist. You block the black mamba's attack.
The guardian serpent coils itself and waves its upper body at you.
The bolt of poison hits you but does no damage.
You resist. You block the naga mage's attack.
The naga mage completely misses you.
The black mamba bites you but does no damage.
You block the anaconda's attack.
The naga warrior hits you with a +0 long sword!
The naga warrior hits you with a +0 glaive.
The naga warrior constricts you.
The guardian serpent hits you but does no damage.
You feel a surge of power!
The anaconda is struck by an arc of lightning!
The naga warrior is struck by an arc of lightning!
The anaconda is struck by an arc of lightning.
The lightning grounds out.
The naga mage is struck by an arc of lightning.
The black mamba is struck by an arc of lightning.
The naga mage is struck by an arc of lightning.
The guardian serpent is struck by an arc of lightning.
The lightning grounds out.
The naga warrior is struck by an arc of lightning!!
The naga warrior is struck by an arc of lightning!
The anaconda is struck by an arc of lightning.
The naga warrior is struck by an arc of lightning!
The lightning grounds out.
The naga mage is struck by an arc of lightning! x2
You kill the naga mage!
Vehumet accepts your kill.
You feel your power returning.
The guardian serpent is struck by an arc of lightning.
The naga mage is struck by an arc of lightning.
The naga warrior is struck by an arc of lightning.
The lightning grounds out.
The guardian serpent is struck by an arc of lightning!
The naga mage is struck by an arc of lightning!
You kill the naga mage!
Vehumet accepts your kill.
You feel your power returning.
The lightning grounds out.
You feel very sick. You block the black mamba's attack.
The anaconda bites you but does no damage.
The guardian serpent casts a spell at you.
The bolt of poison hits you. You resist.
The bolt of poison hits the naga warrior but does no damage.
The guardian serpent coils itself and waves its upper body at you.
The guardian serpent blinks!
The salamander blinks!
You block the black mamba's attack. The anaconda bites you.
* * * LOW HITPOINT WARNING * * *
The salamander hits you with a +0 halberd.
* * * LOW HITPOINT WARNING * * *
You are engulfed in flames.
You resist.
* * * LOW HITPOINT WARNING * * *
The naga warrior misses you.
The guardian serpent casts a spell at you.
The guardian serpent hits you but does no damage.
The naga warrior hits you with a +0 glaive!!
* * * LOW HITPOINT WARNING * * *
The naga warrior constricts you. The salamander misses you.
The black mamba bites you.
* * * LOW HITPOINT WARNING * * *
The anaconda bites you but does no damage.
Your Staves skill increases to level 10!
You feel much better.
You feel sick.
The guardian serpent hits you but does no damage.
You block the black mamba's attack.
The guardian serpent closely misses you.
You block the anaconda's attack. You block the salamander's attack.
The guardian serpent closely misses you.
The naga warrior hits you with a +0 long sword!
* * * LOW HITPOINT WARNING * * *
The black mamba bites you but does no damage.
The anaconda bites you!
* * * LOW HITPOINT WARNING * * *
The guardian serpent hits you but does no damage.
The naga warrior spits poison at you.
The splash of poison hits you but does no damage.
You are more poisoned.
You resist. The naga warrior constricts you. You block the salamander's attack.
You feel much better.
You feel very sick. The black mamba bites you.
* * * LOW HITPOINT WARNING * * *
The anaconda bites you but does no damage.
You block the guardian serpent's attack.
The guardian serpent barely misses you.
The black mamba bites you but does no damage.
You block the salamander's attack.
The anaconda bites you but does no damage.
The naga warrior hits you with a +0 long sword.
* * * LOW HITPOINT WARNING * * *
The guardian serpent hits you but does no damage.
The naga warrior misses you. The naga warrior constricts you.
The guardian serpent hits you but does no damage.
The salamander barely misses you.
The black mamba bites you but does no damage.
The anaconda bites you!
* * * LOW HITPOINT WARNING * * *
The salamander misses you.
You block the guardian serpent's attack.
The naga warrior hits you with a +0 long sword!
* * * LOW HITPOINT WARNING * * *
Unknown command.
You feel better. The black mamba bites you!
* * * LOW HITPOINT WARNING * * *
The guardian serpent coils itself and waves its upper body at you.
The anaconda closely misses you.
The guardian serpent coils itself and waves its upper body at you.
You easily resist.
You block the naga warrior's attack.
* * * LOW HITPOINT WARNING * * *
The naga warrior constricts you.
The guardian serpent casts a spell at you.
The black mamba bites you but does no damage.
The anaconda bites you but does no damage.
The salamander hits you but does no damage.
The salamander hits you with a +0 halberd!
You die...

...............
..............(
.............#
.............#
.............#.
..............#
......SNS......
......N@N......
......NSS......
#..............
...............
...............
...............
.............#.
............#.


You could see 2 naga warriors, 2 salamanders, an anaconda, 2 guardian serpents
and a black mamba.

Vanquished Creatures
  Rupert (D:14)
  Kirke (D:11)
  A minotaur (Gauntlet)
  4 dire elephants (Lair:6)
  Fannar (Lair:3)
  Josephine (D:14)
  9 hydras
  Erica (Lair:1)
  Harold (D:6)
  2 naga warriors (Snake:1)
  2 ice dragons (D:15)
  A centaur warrior (D:15)
  2 two-headed ogres
  2 death knights (D:14)
  2 catoblepae (Gauntlet)
  4 anacondas
  20 death yaks
  An ogre mage (D:14)
  An orc high priest (Orc:2)
  A deep elf knight (D:14)
  A skeletal warrior (D:14)
  A deep troll (shapeshifter) (D:14)
  A death drake (shapeshifter) (D:11)
  3 unseen horrors
  Pikel (D:7)
  2 mana vipers (Snake:1)
  2 deep elf magi (D:14)
  A necromancer (IceCv)
  18 ugly things
  9 orc knights
  12 oklob plants
  A manticore (D:15)
  2 cyclopes
  An orc sorcerer (Orc:2)
  2 salamanders (Snake:1)
  3 merfolk sirens (Lair:4)
  An ice statue (IceCv)
  15 black mambas
  A black mamba (shapeshifter) (D:13)
  5 elephants
  6 naga magi
  2 molten gargoyles (Gauntlet)
  3 gargoyles (Gauntlet)
  11 cane toads
  2 torpor snails
  A kobold demonologist (D:14)
  5 rime drakes
  9 komodo dragons
  Maggie (Lair:2)
  11 freezing wraiths
  2 tormentors (D:14)
  A merfolk (Lair:4)
  3 hornets (Gauntlet)
  4 polar bears
  A dream sheep (shapeshifter) (D:14)
  A raiju (Gauntlet)
  12 dream sheep
  11 slime creatures
  10 blink frogs
  A meliai zombie (D:14)
  A vampire (D:10)
  8 wraiths
  5 wyverns
  4 hogs
  43 yaks
  4 basilisks
  2 death yak simulacra (IceCv)
  A steam dragon (Gauntlet)
  2 soldier ants
  4 nagas
  5 wargs
  An acid dragon (D:15)
  10 ice beasts
  24 water moccasins
  39 orc warriors
  An eye of draining (D:11)
  22 ogres
  3 phantoms
  A black bear (D:9)
  A necrophage (D:9)
  3 sky beasts
  12 wolves
  3 centaurs
  3 big kobolds (D:14)
  21 bullfrogs
  6 scorpions
  An elephant simulacrum (IceCv)
  4 killer bees (D:9)
  3 wights (D:15)
  2 howler monkeys (D:10)
  A lava snake (D:11)
  A draconian simulacrum (IceCv)
  3 bullfrog zombies
  5 hounds
  7 jellies
  2 quasits
  9 orc priests
  A bullfrog skeleton (D:12)
  7 centaur skeletons
  21 orc wizards
  Jessica (D:2)
  2 iguanas
  10 troll simulacra (IceCv)
  7 worker ants
  5 hell rats (Lair:4)
  2 spriggan simulacra (IceCv)
  A wolf simulacrum (IceCv)
  A centaur simulacrum (IceCv)
  A hound skeleton (D:8)
  2 worker ant zombies
  Robin (D:3)
  7 gnolls
  20 adders
  3 naga simulacra (IceCv)
  3 ogre simulacra (IceCv)
  3 shadow imps
  14 white imps
  An ufetubus (D:5)
  2 oozes
  2 adder skeletons
  An adder zombie (D:5)
  2 worms
  4 dart slugs
  5 leopard geckos
  90 orcs
  7 bats
  7 giant cockroaches
  19 goblins
  6 hobgoblins
  11 jackals
  9 kobolds
  2 quokkas
  A ball python (Lair:4)
  A frilled lizard (D:2)
  A quokka zombie (D:5)
787 creatures vanquished.

Vanquished Creatures (collateral kills)
  5 ball lightnings (Orc:2)
5 creatures vanquished.

Vanquished Creatures (others)
  38 ball lightnings
  A bush (Lair:5)
  98 fungi
  135 plants
272 creatures vanquished.

Grand Total: 1064 creatures vanquished

Notes
Turn   | Place    | Note
-------+----------+-------------------------------------------
     0 | D:1      | CryoSword the Tengu Air Elementalist began the quest for
                  | the Orb.
     0 | D:1      | Reached XP level 1. HP: 10/10 MP: 4/4
   123 | D:1      | Reached XP level 2. HP: 16/16 MP: 1/6
   264 | D:1      | Reached skill level 1 in Fighting
   362 | D:1      | Reached XP level 3. HP: 20/20 MP: 5/7
   652 | D:1      | Reached skill level 5 in Air Magic
  1425 | D:2      | Reached XP level 4. HP: 25/25 MP: 3/8
  1515 | D:2      | Noticed a centaur
  1569 | D:2      | Noticed Jessica
  1573 | D:2      | Killed Jessica
  1650 | D:2      | Killed a centaur
  1651 | D:2      | Reached skill level 6 in Air Magic
  1651 | D:2      | Gained mutation: You can fly continuously. [Tengu growth]
  1651 | D:2      | Reached XP level 5. HP: 26/30 MP: 0/9
  1998 | D:2      | Noticed an ogre
  2024 | D:2      | Killed an ogre
  2025 | D:2      | Reached XP level 6. HP: 36/36 MP: 2/10
  2251 | D:2      | Reached skill level 7 in Air Magic
  2873 | D:3      | Noticed Robin
  2876 | D:3      | Killed Robin
  2982 | D:3      | Found a faded altar of an unknown god.
  3931 | D:3      | Learned a level 2 spell: Swiftness
  3935 | D:3      | Learned a level 3 spell: Static Discharge
  4439 | D:4      | Found a staircase to the Ecumenical Temple.
  4447 | Temple   | Entered the Ecumenical Temple
  4497 | Temple   | Became a worshipper of Vehumet
  5072 | D:5      | Entered Level 5 of the Dungeon
  5085 | D:5      | Reached XP level 7. HP: 41/41 MP: 6/11
  5090 | D:5      | Learned a level 4 spell: Airstrike
  5298 | D:5      | Found an opulent altar of Gozag.
  5648 | D:5      | Reached skill level 5 in Conjurations
  5982 | D:5      | Reached skill level 8 in Air Magic
  7525 | D:6      | Reached skill level 9 in Air Magic
  7525 | D:6      | Reached XP level 8. HP: 48/48 MP: 7/12
  8304 | D:7      | Noticed Pikel
  8341 | D:6      | Reached * piety under Vehumet
  8341 | D:6      | Offered knowledge of Magic Dart by Vehumet.
  8528 | D:7      | Killed Pikel
  8529 | D:7      | Reached skill level 5 in Fighting
  8529 | D:7      | Reached skill level 10 in Air Magic
  8529 | D:7      | Reached XP level 9. HP: 54/54 MP: 0/13
  8724 | D:7      | Found a shadowy altar of Dithmenos.
  8743 | D:7      | Got a slimy dagger
  8758 | D:7      | Identified the +5 dagger of Annihilation {pain, Will- Int+4
                  | SInv} (You found it on level 7 of the Dungeon)
  9562 | D:7      | Noticed Harold
 10345 | D:6      | Killed Harold
 10346 | D:6      | Reached skill level 11 in Air Magic
 11019 | D:8      | Reached skill level 5 in Stealth
 11019 | D:8      | Reached XP level 10. HP: 60/60 MP: 6/15
 11150 | D:8      | Reached skill level 12 in Air Magic
 12488 | D:9      | Reached ** piety under Vehumet
 12491 | D:9      | Offered knowledge of Freeze by Vehumet.
 12498 | D:9      | Learned a level 5 spell: Lightning Bolt
 12685 | D:9      | Found an ornate altar of the Wu Jian Council.
 12949 | D:9      | Found a staircase to the Lair.
 13931 | D:9      | Reached skill level 5 in Spellcasting
 14048 | D:9      | Reached skill level 5 in Dodging
 14850 | D:10     | Entered Level 10 of the Dungeon
 14850 | D:10     | Found Famaoc's Distillery.
 14964 | D:10     | Bought 2 potions of cancellation for 240 gold pieces
 14964 | D:10     | Bought a potion of resistance for 150 gold pieces
 14964 | D:10     | Bought a potion of lignification for 45 gold pieces
 15022 | D:10     | Reached XP level 11. HP: 67/67 MP: 7/20
 15538 | D:10     | Found Fuj Nybrofu's Weapon Shop.
 15702 | D:10     | Found Ethukh's Antique Weapon Shoppe.
 15773 | D:10     | Reached skill level 13 in Air Magic
 15879 | D:10     | Found Jiypes's General Store.
 15882 | D:10     | Bought a scroll of identify for 26 gold pieces
 15882 | D:10     | Bought a potion of curing for 39 gold pieces
 15883 | D:10     | Identified a scroll of acquirement
 15885 | D:10     | Acquired an uncursed staff of air
 16213 | D:10     | You are sucked into a shaft and drop 3 floors!
 16292 | D:12     | Found a broken altar of Ashenzari.
 16683 | D:10     | Found Ketha's Book Shoppe.
 16917 | D:11     | Noticed a two-headed ogre
 17361 | D:11     | Offered knowledge of Dazzling Flash by Vehumet.
 17362 | D:11     | Reached skill level 10 in Conjurations
 17654 | D:11     | Killed a two-headed ogre
 18053 | D:11     | Noticed a death drake
 18053 | D:11     | a redback changed into a death drake
 18055 | D:11     | Killed a death drake
 18161 | D:12     | Noticed Kirke
 18247 | D:11     | Noticed a manticore
 18633 | D:11     | Noticed a harpy
 18633 | D:11     | Noticed a harpy
 18634 | D:11     | Noticed a harpy
 18634 | D:11     | Noticed a harpy
 19037 | D:11     | Reached skill level 1 in Armour
 19274 | D:11     | Noticed a manticore
 19384 | D:11     | Noticed a sphinx
 19723 | D:11     | Noticed a harpy
 19723 | D:11     | Noticed a harpy
 19819 | D:11     | Noticed a lindwurm
 19972 | D:11     | Noticed a lindwurm
 19974 | D:11     | Noticed a harpy
 19974 | D:11     | Noticed a harpy
 20029 | D:11     | Noticed a sphinx
 20082 | D:11     | Noticed a harpy
 20082 | D:11     | Noticed a harpy
 20136 | D:11     | Noticed a lindwurm
 20448 | D:12     | Found a staircase to the Orcish Mines.
 20466 | D:12     | Noticed a cyclops
 20878 | D:12     | Killed a cyclops
 21816 | D:11     | Noticed a manticore
 21821 | D:11     | Killed Kirke
 21822 | D:11     | Reached XP level 12. HP: 71/73 MP: 5/24
 21965 | D:12     | Reached *** piety under Vehumet
 22509 | D:13     | Found Wucusig's Magic Scroll Boutique.
 22520 | D:13     | Bought a scroll of magic mapping for 45 gold pieces
 22520 | D:13     | Bought a scroll of enchant armour for 97 gold pieces
 22520 | D:13     | Bought a scroll of identify for 26 gold pieces
 22777 | D:13     | Offered knowledge of Iskenderun's Mystic Blast by Vehumet.
 23116 | D:13     | Noticed an eight-headed hydra
 23169 | D:13     | Killed an eight-headed hydra
 23546 | D:14     | Reached skill level 5 in Armour
 23722 | D:14     | Found Gepregoi's Book Boutique.
 23740 | D:14     | Noticed Josephine
 23881 | D:13     | Reached skill level 14 in Air Magic
 23997 | D:14     | Noticed a deep elf knight
 24123 | Lair:1   | Entered Level 1 of the Lair of Beasts
 24369 | Lair:1   | Noticed a five-headed hydra
 24370 | Lair:1   | Killed a five-headed hydra
 24371 | Lair:1   | Reached skill level 1 in Staves
 24481 | Lair:1   | Noticed Erica
 24498 | Lair:1   | Killed Erica
 24659 | Lair:1   | Reached **** piety under Vehumet
 25027 | Lair:1   | Offered knowledge of Mephitic Cloud by Vehumet.
 25318 | Lair:1   | Reached XP level 13. HP: 76/80 MP: 17/27
 26060 | Lair:2   | Reached skill level 15 in Air Magic
 26670 | Lair:2   | Noticed Maggie
 26674 | Lair:2   | Killed Maggie
 28230 | Lair:3   | Noticed Fannar
 28243 | Lair:3   | Killed Fannar
 29184 | Lair:3   | Reached skill level 16 in Air Magic
 29550 | Lair:4   | Reached skill level 5 in Staves
 29607 | Lair:4   | Reached skill level 10 in Fighting
 30484 | Lair:4   | Reached XP level 14. HP: 88/88 MP: 3/28
 30703 | Lair:4   | Found a staircase to the Snake Pit.
 31110 | Lair:4   | Found a staircase to the Shoals.
 31577 | Lair:4   | Reached skill level 10 in Spellcasting
 31798 | Lair:4   | Reached ***** piety under Vehumet
 31798 | Lair:4   | Offered knowledge of Freezing Cloud by Vehumet.
 31803 | Lair:4   | Reached skill level 17 in Air Magic
 32464 | Snake:1  | Entered Level 1 of the Snake Pit
 33722 | Lair:5   | Reached skill level 1 in Evocations
 34054 | Lair:6   | Entered Level 6 of the Lair of Beasts
 34297 | Lair:6   | Found a frozen archway.
 34462 | IceCv    | Entered an ice cave
 34988 | IceCv    | Found an ancient bone altar of Kikubaaqudgha.
 35000 | IceCv    | Offered knowledge of Iron Shot by Vehumet.
 35674 | IceCv    | Reached XP level 15. HP: 81/94 MP: 6/30
 35985 | Lair:6   | Reached skill level 18 in Air Magic
 36242 | Lair:6   | Found a staircase to the Slime Pits.
 37411 | Lair:6   | Learned a level 3 spell: Mephitic Cloud
 37416 | Lair:6   | Learned a level 4 spell: Summon Lightning Spire
 37470 | Lair:6   | Acquired 718 gold pieces
 37707 | D:13     | Bought a scroll of enchant armour for 97 gold pieces
 37707 | D:13     | Bought a scroll of teleportation for 39 gold pieces
 37707 | D:13     | Bought a scroll of amnesia for 45 gold pieces
 37707 | D:13     | Bought a scroll of teleportation for 39 gold pieces
 37707 | D:13     | Bought a scroll of teleportation for 39 gold pieces
 37784 | D:10     | Bought a potion of haste for 150 gold pieces
 37784 | D:10     | Bought a potion of curing for 45 gold pieces
 37784 | D:10     | Bought a potion of curing for 45 gold pieces
 37784 | D:10     | Bought a potion of curing for 45 gold pieces
 37784 | D:10     | Bought a potion of cancellation for 120 gold pieces
 37784 | D:10     | Bought a potion of curing for 45 gold pieces
 37824 | D:10     | Bought a scroll of silence for 97 gold pieces
 38092 | Lair:6   | Reached skill level 1 in Summonings
 38450 | Lair:6   | Learned a level 1 spell: Apportation
 39071 | Orc:1    | Entered Level 1 of the Orcish Mines
 39829 | Orc:1    | Found a roughly hewn altar of Beogh.
 39974 | Orc:2    | Entered Level 2 of the Orcish Mines
 40616 | Orc:2    | Found a staircase to the Elven Halls.
 40738 | Orc:2    | Offered knowledge of Conjure Ball Lightning by Vehumet.
 40746 | Orc:2    | Learned a level 6 spell: Conjure Ball Lightning
 41719 | Orc:2    | Reached skill level 19 in Air Magic
 42021 | Orc:2    | Found Leodaexo's Assorted Antiques.
 42021 | Orc:2    | Found Ceykhos's Distillery.
 42120 | Orc:2    | Bought a potion of magic for 112 gold pieces
 42550 | Orc:2    | Found Eteavog's General Store.
 42558 | Orc:2    | Bought a +0 cloak of stealth for 184 gold pieces
 42584 | Orc:2    | Found Fait's Gadget Emporium.
 42584 | Orc:2    | Found Boqiag's Book Shop.
 42599 | Orc:2    | Bought a book of the Tempests for 840 gold pieces
 42655 | Orc:2    | Found a roughly hewn altar of Beogh.
 42911 | Orc:2    | Bought a scroll of identify for 58 gold pieces
 42911 | Orc:2    | Bought a scroll of remove curse for 87 gold pieces
 42911 | Orc:2    | Bought a scroll of identify for 58 gold pieces
 42911 | Orc:2    | Bought a glowing puce potion for 26 gold pieces
 43334 | D:14     | Reached XP level 16. HP: 93/101 MP: 6/31
 43535 | D:14     | Reached skill level 5 in Evocations
 43538 | D:14     | Killed Josephine
 43544 | D:14     | Reached skill level 15 in Conjurations
 43969 | D:14     | Reached skill level 1 in Shields
 44091 | D:14     | Identified the +2 chain mail of the Flute {rN+ Int+3
                  | Slay+3}
 44168 | D:14     | Found a gate to the Vaults.
 44323 | D:14     | Found a blossoming altar of Fedhas.
 44540 | D:14     | Noticed Rupert
 44544 | D:14     | Killed Rupert
 44729 | D:14     | Identified the Papyrus of Ignition
 45086 | D:15     | Entered Level 15 of the Dungeon
 45220 | D:15     | Offered knowledge of Spellforged Servitor by Vehumet.
 45382 | D:15     | Found Usifes's Distillery.
 45489 | D:15     | Found a gate leading to a gauntlet.
 45498 | Gauntlet | Entered a Gauntlet
 45498 | Gauntlet | Found a transporter.
 45674 | Gauntlet | Found a transporter.
 45677 | Gauntlet | Found a transporter.
 45678 | Gauntlet | Found a transporter.
 45689 | Gauntlet | Found a transporter.
 45689 | Gauntlet | Found a transporter.
 45690 | Gauntlet | Found a transporter.
 45702 | Gauntlet | Found a transporter.
 45703 | Gauntlet | Found a transporter.
 45703 | Gauntlet | Found a transporter.
 45711 | Gauntlet | Found a transporter.
 45714 | Gauntlet | Found a transporter.
 45715 | Gauntlet | Found a transporter.
 45723 | Gauntlet | Found a transporter.
 45806 | Gauntlet | Paralysed by a hornet for 1 turns
 46448 | Gauntlet | Identified the cursed +3 short sword "Guros Mywo" {drain,
                  | MP+9 Str+2 Dex+2}
 47418 | D:15     | Found a staircase to the Depths.
 47804 | Orc:2    | Bought a potion of curing for 42 gold pieces
 47804 | Orc:2    | Bought a potion of lignification for 42 gold pieces
 47804 | Orc:2    | Bought a potion of curing for 42 gold pieces
 47804 | Orc:2    | Bought a potion of cancellation for 112 gold pieces
 47804 | Orc:2    | Bought a potion of magic for 112 gold pieces
 47804 | Orc:2    | Bought a potion of heal wounds for 70 gold pieces
 47804 | Orc:2    | Bought a potion of curing for 42 gold pieces
 47804 | Orc:2    | Bought a potion of lignification for 42 gold pieces
 47830 | Orc:2    | Bought a scroll of teleportation for 48 gold pieces
 47830 | Orc:2    | Bought 3 scrolls of remove curse for 144 gold pieces
 47830 | Orc:2    | Bought a scroll of remove curse for 48 gold pieces
 48527 | Snake:1  | Found Hyluh's Assorted Antiques.
 49658 | Snake:1  | Reached skill level 20 in Air Magic
 50424 | Snake:2  | Reached skill level 10 in Staves
 50426 | Snake:2  | Slain by a salamander

Illustrated notes

Levels and vault maps discovered:
D:1:      dpeg_arrival_pits, layout_basic, minmay_tetromino_o4
D:2:      cheibrodos_old_hovel, layout_basic, uniq_jessica
D:3:      layout_loops_ring, chequers_ecumenical_altar_simple_redux, uniq_robin
D:4:      layout_basic, temple_fountains, chequers_serial_rivers_micro_d
D:5:      layout_basic, nicolae_gozag_seed_capital
D:6:      layout_loops_cross
D:7:      layout_basic, nicolae_dithmenos_shadow_blocks, uniq_pikel, uniq_harold
D:8:      layout_basic, hangedman_decor_points
D:9:      layout_stronghold, old_standard_altar, due_lair_maze_entry_diamond,
          dk_noncrumbling_4
D:10:     layout_basic, serial_shops, shop, shop, nicolae_shop_window_shopping,
          kennysheep_mini_moat, shop, minivault_22
D:11:     layout_cave_pools, kennysheep_island_fort
D:12:     layout_roguey, orc_0_dummy, ashenzari_altar_1, uniq_kirke
D:13:     layout_small_grid, serial_shops, shop, minmay_misc_feat_doors
D:14:     cheibrodos_tormentor_scu, layout_cave_pods,
          hangedman_vaults_entry_quadrant_bands, serial_shops, shop,
          fedhas_altar_4, uniq_rupert, uniq_josephine
D:15:     grunt_enter_depths_hoard, layout_loops_corners, serial_shops,
          shop_coins, gauntlet_entry_generic, minmay_misc_feat_chi,
          minmay_fractal_squares_5
Temple:   roderic_octagonal_lattice_temple
Lair:1:   layout_roguey, chequers_serial_rivers_small_a, uniq_erica
Lair:2:   layout_chaotic_city, chequers_serial_rivers_room_a,
          grunt_megastairs_2, uniq_maggie
Lair:3:   layout_chaotic_city, serial_bayou_shore_b, minmay_lair_oklob_chamber,
          uniq_fannar
Lair:4:   layout_layer_cave, elwin_shoals_entry_stream,
          minmay_snake_entry_six_corridors, chequers_serial_rivers_micro_a
Lair:5:   layout_cave_pods, infiniplex_staircase_pool_2, lemuel_fruit_tree
Lair:6:   due_jungle_book, layout_regular_city, minmay_slime_entry_pillars,
          portal_ice_cave_rime, dpeg_oklob_1
Snake:1:  layout_chambers, serial_shops, shop
Snake:2:  layout_onion_interference, serial_shops, shop, uniq_jorgrun
Orc:1:    layout_caves, basic_altar
Orc:2:    st_orc_town, layout_diamond_mine, serial_shops, shop

Skill      XL: |  1  2  3  4  5  6  7  8  9 10 11 12 13 14 15 16 |
---------------+-------------------------------------------------+-----
Conjurations   | 2 3 4 6 7 8 9 10 11 12 14 15 | 15.5
Fighting       | 1 2 3 4 5 7 8 9 10 11 12 | 12.2
Air Magic      | 5 6 7 9 10 11 12 13 14 16 17 19 20 | 20.0
Dodging        | 3 4 5 6 |  6.0
Stealth        | 3 5 6 |  6.3
Spellcasting   | 3 5 7 9 10 | 10.4
Armour         | 3 5 |  5.0
Staves         | 2 5 7 9 10 | 10.0
Evocations     | 2 4 5 |  5.0
Summonings     | 4 |  4.0
Shields        | 4 |  4.0

Action                   |  1- 3 |  4- 6 |  7- 9 | 10-12 | 13-15 | 16-18 || total
-------------------------+-------+-------+-------+-------+-------+-------++-------
Melee: Unarmed           |     7 |       |       |       |       |       ||     7
       Kick              |     5 |       |     1 |     7 |    31 |     9 ||    53
       Short sword       |     5 |       |       |       |       |       ||     5
       Spear             |     3 |       |       |       |       |       ||     3
       Whip              |       |     1 |    10 |     9 |       |       ||    20
       Peck              |       |       |     2 |     7 |    27 |     2 ||    38
       Staff             |       |       |       |    12 |    95 |    40 ||   147
Throw: Boomerang         |       |       |       |     7 |     2 |       ||     9
 Cast: Shock             |    61 |   139 |   197 |   219 |   144 |    27 ||   787
       Airstrike         |       |       |    35 |   244 |   317 |   111 ||   707
       Static Discharge  |       |       |       |    51 |    69 |    20 ||   140
       Lightning Bolt    |       |       |       |    30 |   213 |    51 ||   294
       Swiftness         |       |       |       |     1 |     1 |       ||     2
       Conjure Ball Ligh |       |       |       |       |    15 |     5 ||    20
       Mephitic Cloud    |       |       |       |       |       |     1 ||     1
       Summon Lightning  |       |       |       |       |       |     1 ||     1
 Abil: Fly               |       |     1 |       |       |       |       ||     1
Evoke: Wand              |       |       |       |       |     1 |     1 ||     2
  Use: Scroll            |     1 |       |     7 |    16 |    11 |     6 ||    41
       Potion            |       |       |     2 |     2 |     2 |     3 ||     9
 Stab: Sleeping          |       |       |       |       |     1 |       ||     1
Armor: Robe              |     5 |     7 |     8 |     9 |       |       ||    29
       Fire dragon scale |       |       |       |    39 |    60 |    59 ||   158
       Skin              |       |       |       |       |     3 |       ||     3
Dodge: Dodged            |    15 |    29 |    43 |   149 |    85 |    40 ||   361
Block: Other             |       |       |       |       |     4 |       ||     4
       Buckler           |       |       |       |       |       |    54 ||    54
       Reflection        |       |       |       |       |       |     2 ||     2
